 Dungeon Crawl Stone Soup version 0.31-a0-1540-g5a0b83f448 (webtiles) character file.

Game seed: 10346260370333230097

4228 Ofeo the Fighter (level 10, -14/114 HPs)
             Began as an Oni Shapeshifter on Jan 1, 2024.
             Was a Follower of Wu Jian.
             Demolished by a two-headed ogre
             ... wielding a +0 giant club
              (20 damage)
             ... on level 9 of the Dungeon.
             The game lasted 00:16:28 (12454 turns).

Ofeo the Fighter (Oni Shapeshifter)                Turns: 12454, Time: 00:16:29

Health: -14/114    AC:  6    Str: 20    XL:     10   Next: 30%
Magic:  10/10      EV: 12    Int: 11    God:    Wu Jian [*.....]
Gold:   433        SH:  0    Dex: 12    Spells: 9/9 levels left

rFire   + . .        b - +3 dire flail
rCold   . . .        (shield currently unavailable)
rNeg    . . .        z - +0 steam dragon scales
rPois   .            (helmet currently unavailable)
rElec   .            (cloak currently unavailable)
rCorr   .            (gloves unavailable)
SInv    .            (boots unavailable)
Will    +....        (no amulet)
Stlth   +            n - ring of protection from fire
HPRegen 0.39/turn    (no ring)
MPRegen 0.12/turn

%: no passive effects
@: beast-form
A: beast (slay +4), large, unfitting armour, horns 1, tough skin 1, double
potion healing, drunken brawling
a: Begin Untransformation, Renounce Religion


You were on level 9 of the Dungeon.
You worshipped Wu Jian.
Wu Jian was aware of your devotion.
You were a hulking beast.
You visited 2 branches of the dungeon, and saw 10 of its levels.

You collected 433 gold pieces.

Inventory:

Hand Weapons
 a - a +0 giant club
 b - a +3 dire flail (weapon)
 r - a +0 giant spiked club
Missiles
 k - 3 curare-tipped darts (quivered)
 o - 3 throwing nets
Armour
 z - +0 steam dragon scales (worn)
 A - a +0 animal skin
 B - a +0 cloak
Jewellery
 i - an amulet of regeneration
 n - a ring of protection from fire (left hand)
Talismans
 c - a beast talisman
 d - a flux talisman
 u - a granite talisman
 y - a serpent talisman
Wands
 j - a wand of light (1)
 w - a wand of charming (6)
 E - a wand of flame (44)
Scrolls
 e - 3 scrolls of vulnerability
 g - 2 scrolls of revelation
 p - 3 scrolls of teleportation {@r3}
 x - a scroll of fog
 C - a scroll of amnesia
 F - a scroll of blinking {@r4}
 G - a scroll of poison
Potions
 f - 2 potions of attraction
 l - 3 potions of lignification
 m - 2 potions of might {@q4}
 q - 4 potions of curing {@q1}
 s - a potion of brilliance
 t - 2 potions of ambrosia
 v - a potion of mutation
 D - a potion of invisibility {unknown}
 I - a potion of magic {unknown}


   Skills:
 - Level 11.3 Fighting
 - Level 8.0 Dodging
 - Level 3.0 Unarmed Combat
 * Level 8.1 Shapeshifting


You had 9 spell levels left.
You didn't know any spells.
Your spell library contained the following spells:

 Spells                   Type           Power      Damage    Failure   Level
 Mercury Vapours          Alch/Air       0%         N/A       47%         2
 Static Discharge         Conj/Air       0%         3-3/arc   47%         2
 Dazzling Flash           Conj/Hex       0%         N/A       71%         3
 Gell's Gravitas          Tloc           0%         N/A       71%         3
 Mephitic Cloud           Conj/Alch/Air  0%         N/A       71%         3
 Teleport Other           Tloc           0%         N/A       71%         3
 Volatile Blastmotes      Fire/Tloc      0%         2d10      71%         3
 Airstrike                Air            0%         2d(0-16)  98%         4
 Leda's Liquefaction      Alch/Erth      0%         N/A       98%         4
 Summon Lightning Spire   Summ/Air       0%         N/A       98%         4
 Freezing Cloud           Conj/Ice/Air   0%         6-21      100%        5
 Lee's Rapid Deconstruct  Erth           0%         3d4*      100%        5
 Bombard                  Conj/Erth      0%         9d1       100%        6
 Dispersal                Tloc           0%         N/A       100%        6
 Starburst                Conj/Fire      0%         6d3       100%        6
 Maxwell's Capacitive Co  Air            0%         ∞         100%        8


Dungeon Overview and Level Annotations

Branches:
Dungeon (9/15)             Temple (1/1) D:6            Lair (0/5) D:8
    Orc: D:9-12

Altars:
Ashenzari
Cheibriados
Dithmenos
Elyvilon
Gozag
Hepliaklqana
Kikubaaqudgha
Makhleb
Nemelex Xobeh
Okawaru
Qazlal
Ru
Sif Muna
Trog
Uskayaw
Vehumet
Wu Jian
Xom
Yredelemnul
Zin
The Shining One

Shops:
D:1 *

Annotations:
D:5 1 runed translucent door, Loonster's ghost, novice TrSh


Innate Abilities, Weirdness & Mutations

You are a hulking beast.
Your limbs bulge with bestial killing power. (Slay +4)
You are too large for most types of armour.
You have a pair of small horns on your head.
You have tough skin. (AC +1)
You gain doubled healing and magic from potions.
Whenever you drink a healing potion, you attack all around you.


Message History

You take 21 damage, and have 72/114 hp.
You puncture the two-headed ogre! You headbutt the two-headed ogre.
The two-headed ogre is heavily wounded.
The wyvern barely misses you. The wyvern bites you!
The two-headed ogre misses you.
The two-headed ogre hits you with a +0 giant spiked club.
You take 13 damage, and have 59/114 hp.
You hit the two-headed ogre.
The two-headed ogre is heavily wounded.
The wyvern bites you! The wyvern closely misses you.
The two-headed ogre hits you with a +0 giant club!
The two-headed ogre hits you with a +0 giant spiked club!
* * * LOW HITPOINT WARNING * * *
You take 35 damage, and have 24/114 hp.
MASSIVE DAMAGE!!
Okay, then.
Okay, then.
You take a swig of the potion and twirl your +3 dire flail.
You hit the two-headed ogre. You headbutt the two-headed ogre.
The two-headed ogre is severely wounded.
You puncture the wyvern! You headbutt the wyvern!
The wyvern is severely wounded.
You savour every drop.
You feel much better. The wyvern bites you! The wyvern closely misses you.
You regained 44 hp, and now have 68/114 hp.
You hit the two-headed ogre.
The two-headed ogre is almost dead.
The wyvern closely misses you.
The two-headed ogre hits you with a +0 giant club!
The two-headed ogre hits you with a +0 giant spiked club!
The wyvern misses you.
You take 25 damage, and have 43/114 hp.
MASSIVE DAMAGE!!
You hit the two-headed ogre.
Your headbutt misses the two-headed ogre.
The two-headed ogre is almost dead.
The wyvern bites you!
* * * LOW HITPOINT WARNING * * *
The two-headed ogre hits you with a +0 giant club!!
* * * LOW HITPOINT WARNING * * *
The two-headed ogre hits you with a +0 giant spiked club!!
You die...

.#.# ###. .# ####.....
### # #.....#> #..
........ #.# #......#
#.# ##.#.#O^###### #.#
..#..#hk...... #<#
#.##.#..#####.
##.####.# #.###...#
........###.##.#.....$.
##†###.#....#.##..#...#
#.# #.##.##.###........
#.# #.##.##.# #........
#.# #.##.##.# #.###.###
#.###.##.##.# #.. ...


You could see a two-headed ogre and a wyvern.

Vanquished Creatures
  A steam dragon (D:5)
  Duvessa (D:7)
  2 water moccasins
  2 orc warriors
  4 black bears
  4 ice beasts
  2 sky beasts
  4 ogres
  A centaur (D:6)
  2 phantoms
  2 kobold brigands
  2 bullfrogs
  2 gnoll sergeants
  A scorpion (D:7)
  4 wights (D:6)
  Dowan (D:7)
  5 killer bees
  A howler monkey (D:8)
  A crimson imp (D:7)
  4 jellies
  4 hounds
  3 bombardier beetles
  4 gnoll boudas
  2 orc priests
  4 iguanas
  11 adders
  19 gnolls
  3 white imps
  2 dart slugs
  A ribbon worm (D:5)
  27 orcs
  10 endoplasms
  2 giant cockroaches
  10 goblins
  6 hobgoblins
  2 jackals (D:1)
  3 quokkas
  8 ball pythons
  9 bats
  4 frilled lizards
  A goblin skeleton (D:7)
  4 hobgoblin zombies (D:7)
  23 kobolds
  A kobold skeleton (D:7)
  A kobold zombie (D:7)
  3 rats (D:3)
213 creatures vanquished.

Vanquished Creatures (collateral kills)
  A killer bee (D:7)
1 creature vanquished.

Vanquished Creatures (others)
  A killer bee (D:7)
  An orc wizard (D:6)
2 creatures vanquished.

Grand Total: 216 creatures vanquished

Notes
Turn   | Place    | Note
-------+----------+-------------------------------------------
     0 | D:1      | Ofeo the Oni Shapeshifter began the quest for the Orb.
     0 | D:1      | Reached XP level 1. HP: 19/19 MP: 1/1
    74 | D:1      | Found Axtimena's General Store.
   164 | D:1      | Reached XP level 2. HP: 23/28 MP: 2/2
   196 | D:1      | Reached skill level 2 in Fighting
   455 | D:1      | Reached XP level 3. HP: 35/35 MP: 3/3
  1376 | D:2      | Reached XP level 4. HP: 44/44 MP: 4/4
  1491 | D:2      | Reached skill level 3 in Fighting
  2179 | D:2      | Reached XP level 5. HP: 53/53 MP: 5/5
  2770 | D:3      | Reached skill level 4 in Fighting
  3307 | D:3      | Found a snail-covered altar of Cheibriados.
  3664 | D:4      | Found a radiant altar of Vehumet.
  3923 | D:4      | Reached XP level 6. HP: 63/63 MP: 6/6
  4281 | D:4      | Found a glowing silver altar of Zin.
  4391 | D:4      | Reached skill level 5 in Fighting
  5211 | D:5      | Entered Level 5 of the Dungeon
  5242 | D:5      | Reached XP level 7. HP: 7/72 MP: 7/7
  5781 | D:5      | Found a runed translucent door.
  5793 | D:5      | Noticed Loonster's ghost (novice TrSh)
  5887 | D:5      | Reached skill level 5 in Shapeshifting
  5895 | D:5      | Reached skill level 6 in Fighting
  6130 | D:5      | Found a burning altar of Makhleb.
  6375 | D:5      | Reached XP level 8. HP: 58/77 MP: 8/8
  6390 | D:5      | Found a faded altar of an unknown god.
  6392 | D:5      | Found a hazy altar of Hepliaklqana.
  6449 | D:5      | Found a sacrificial altar of Ru.
  6777 | D:5      | Found a stormy altar of Qazlal.
  7009 | D:5      | Found a white marble altar of Elyvilon.
  7036 | D:5      | Reached skill level 7 in Fighting
  7036 | D:5      | Reached skill level 5 in Dodging
  7627 | D:5      | Reached skill level 8 in Fighting
  7990 | D:6      | Reached XP level 9. HP: 64/97 MP: 9/9
  8153 | D:6      | Found a staircase to the Ecumenical Temple.
  8164 | Temple   | Entered the Ecumenical Temple
  8174 | Temple   | Became a worshipper of the Wu Jian Council
  8259 | D:6      | Reached skill level 9 in Fighting
  9419 | D:6      | Reached skill level 10 in Fighting
 10114 | D:7      | Reached * piety under Wu Jian
 10200 | D:7      | Noticed Duvessa
 10201 | D:7      | Found a glowing golden altar of the Shining One.
 10283 | D:7      | Noticed Dowan
 10310 | D:7      | Reached XP level 10. HP: 37/111 MP: 10/10
 10758 | D:7      | Killed Duvessa
 10762 | D:7      | Killed Dowan
 11041 | D:7      | Reached skill level 11 in Fighting
 11740 | D:8      | Found a shadowy altar of Dithmenos.
 11840 | D:8      | Found a staircase to the Lair.
 12446 | D:9      | Noticed a two-headed ogre
 12454 | D:9      | Demolished by a two-headed ogre

Illustrated notes

Levels and vault maps discovered:
D:1:      spicycebolla_arrival_ecumenical, layout_loops_ring, serial_shops,
          nicolae_shop_behind_doors, minmay_octomino_e4
D:2:      layout_loops_corners, minmay_goblin_kobold_house
D:3:      layout_basic, cheibriados_altar_1, lexackson_kobold_supper
D:4:      layout_basic, lemuel_coloured_pillars_altar, general_overflow_altar
D:5:      minmay_bubble_buster, layout_cave_pods, makhleb_heckhound_becter,
          beargit_hepliaklqana_dungeon_heroes, nicolae_qazlal_beasts_of_the_sky,
          elyvilon_altar_5, amcnicky_altar_gilded,
          ebering_ghost_reflecting_pool, chequers_avenue, corexii_corridor_pit,
          dreamdust_princess_bridge
D:6:      layout_rooms, minmay_temple_entry_water_ring, roderic_serpentine_path
D:7:      layout_basic, nicolae_tso_besieged_by_evil, uniq_duvessa
D:8:      layout_rooms, nicolae_dithmenos_through_a_glass_darkly,
          roderic_roman_lattice
D:9:      layout_loops_ring, uniq_maggie, uniq_harold
Temple:   chequers_temple_sunken

Skill      XL: |  1  2  3  4  5  6  7  8  9 10 |
---------------+-------------------------------+-----
Dodging        | 2 3 4 6 7 8 |  8.0
Fighting       | 2 3 4 5 6 8 10 11 | 11.3
Unarmed Combat | 3 |  3.0
Shapeshifting  | 4 5 6 7 8 |  8.1

Action                     |  1- 3 |  4- 6 |  7- 9 | 10-12 || total
---------------------------+-------+-------+-------+-------++-------
  Melee: Unarmed           |    79 |       |       |       ||    79
         Headbutt          |     8 |    21 |    54 |    21 ||   104
         Punch             |     3 |     1 |       |       ||     4
         Mace              |     9 |   114 |       |       ||   123
         Giant club        |       |    24 |   254 |    72 ||   350
         Flail             |       |       |     1 |       ||     1
         Dire flail        |       |       |       |    20 ||    20
  Throw: Dart              |       |       |       |     2 ||     2
Ability: Lunge             |       |       |     6 |     2 ||     8
         Whirlwind         |       |       |     5 |       ||     5
  Evoke: Wand              |       |       |     6 |     2 ||     8
    Use: Scroll            |     5 |     6 |     3 |     2 ||    16
         Potion            |       |     1 |     2 |     2 ||     5
   Stab: Sleeping          |     1 |       |       |       ||     1
 Armour: Animal skin       |    49 |   125 |   119 |       ||   293
         Steam dragon scal |       |       |   172 |   100 ||   272
  Dodge: Dodged            |    40 |    78 |   204 |    75 ||   397

Table legend: (Time is in decaauts)
 A = Elapsed time spent in this place.
 B = Non-inter-level travel time spent in this place.
 C = Inter-level travel time spent in this place.
 D = Time resting spent in this place.
 E = Time spent auto-exploring this place.
 F = Levels seen in this place.
 G = Mean time per level.
                   A        B        C        D        E       F      G
               +--------+--------+--------+--------+--------+-----+--------+
         Total |  12707 |  12140 |    567 |   2656 |   7316 |  10 | 1270.7 |
       Dungeon |  12686 |  12137 |    549 |   2656 |   7316 |   9 | 1409.6 |
        Temple |     20 |      2 |     18 |      0 |      0 |   1 |   20.0 |
               +--------+--------+--------+--------+--------+-----+--------+

Top non-repeatable levels by time:
     D:5: 2768 daAuts
     D:6: 1897 daAuts
     D:4: 1856 daAuts
     D:7: 1467 daAuts
     D:3: 1345 daAuts
     D:2: 1283 daAuts
     D:1: 1065 daAuts
     D:8: 775 daAuts
     D:9: 227 daAuts
  Temple: 20 daAuts
